 Dungeon Crawl Stone Soup version 0.29-a0-330-g52719c12eb (webtiles) character file.

Game seed: 14390103521476795107

369 Aelig the Magician (level 7, -2/47 HPs)
             Began as a Djinni Transmuter on May 8, 2022.
             Slain by a gnoll
             ... wielding a +0 scythe
              (7 damage)
             ... on level 4 of the Dungeon.
             The game lasted 00:08:14 (2835 turns).

Aelig the Magician (Djinni Transmuter)              Turns: 2835, Time: 00:08:14

Health: -2/47      AC:  6    Str: 15    XL:     7   Next: 1%
Gold:   176        EV: 12    Int: 17    God:
                   SH:  0    Dex: 13

rFire   + + .      SeeInvis .     - Unarmed
rCold   x . .      Faith    .   (no shield)
rNeg    . . .      Spirit   .   a - +0 robe
rPois   ∞          Reflect  .   (no helmet)
rElec   .          Harm     .   (no cloak)
rCorr   .          Rampage  .   (no gloves)
Will    .....                   (boots unavailable)
Stlth   +.........              (no amulet)
HPRegen 0.15/turn               m - +6 ring of strength
MPRegen 0.00/turn               s - +4 ring of protection

@: wereblooded, flying
A: sickness immunity, fire resistance 2, cold vulnerability 1, float, innate
caster, HP casting, extra vitality 1
a: no special abilities


You were on level 4 of the Dungeon.
You visited 1 branch of the dungeon, and saw 4 of its levels.

You collected 176 gold pieces.

Inventory:

Missiles
 i - 59 stones (quivered)
 j - 4 javelins
Armour
 a - a +0 robe (worn)
Magical Staves
 g - a staff of air
 u - a staff of conjuration
Jewellery
 m - a +6 ring of strength (left hand)
 s - a +4 ring of protection (right hand)
Scrolls
 h - a scroll of enchant weapon
 k - a scroll of silence {unknown}
 n - a scroll of amnesia {unknown}
 o - a scroll of vulnerability
 q - a scroll of summoning {unknown}
 r - a scroll of torment {unknown}
 t - a scroll of identify {unknown}
 x - a scroll of teleportation {unknown}
Potions
 b - 2 potions of lignification
 c - a potion of might {unknown}
 d - 2 potions of degeneration {unknown}
 e - 2 potions of curing {unknown}
 f - 2 potions of berserk rage {unknown}
 l - 2 potions of heal wounds
 p - a potion of attraction {unknown}
 v - 2 potions of brilliance
 w - 2 potions of flight {unknown}


   Skills:
 - Level 1.0 Fighting
 - Level 2.1 Dodging
 + Level 3.9 Unarmed Combat
 + Level 4.9 Spellcasting


You couldn't memorise any spells.
You knew the following spells:

 Your Spells              Type           Power      Damage    Failure   Level
a - Beastly Appendage     Tmut           40%        N/A       1%          1
b - Wereblood             Tmut           20%        N/A       3%          2
c - Spider Form           Tmut/Pois      20%        N/A       6%          3
d - Ice Form              Ice/Tmut       20%        N/A       19%         4
e - Summon Small Mammal   Summ           80%        N/A       1%          1
f - Blink                 Tloc           40%        N/A       3%          2
g - Conjure Flame         Conj/Fire      20%        6-21      6%          3
Your spell library was empty.

Dungeon Overview and Level Annotations

Branches:
Dungeon (4/15)
 Temple: D:4-7

Altars:
Yredelemnul

Annotations:
D:2 1 runed translucent door, Crazy Yiuf
D:3 1 runed translucent door


Innate Abilities, Weirdness & Mutations

You are immune to sickness and miasma.
You are immune to poison.
Your flesh is very heat resistant. (rF++)
You are vulnerable to cold. (rC-)
You float through the air rather than walking.
You learn spells naturally, not from books.
Your magical power is your life essence.
You have superior vitality. (+4 MHP)


Message History

You howl as the wereblood boils in your veins!
You hear a shout!
The gnoll hits you with a +0 scythe!
* * * LOW HITPOINT WARNING * * *
You hit the gnoll. You headbutt the gnoll!
The gnoll is severely wounded.
You howl as the wereblood boils in your veins!
You hit the gnoll. Your headbutt misses the gnoll.
The gnoll is severely wounded.
You howl as the wereblood boils in your veins!
You barely miss the gnoll.
The gnoll is severely wounded.
The gnoll misses you.
You hit the gnoll. Your headbutt misses the gnoll.
The gnoll is almost dead.
A gnoll comes into view. It is wielding a +0 scythe.
The gnoll barely misses you.
You hit the gnoll.
You feel a bit better.
You kill the gnoll!
The orc hits you but does no damage.
You have reached level 7!
The power to cast Conjure Flame wells up from within.
Spell assigned to 'g'.
You hit the orc. You headbutt the orc.
You feel a bit better.
You kill the orc!
The gnoll hits you with a +0 scythe.
* * * LOW HITPOINT WARNING * * *
Items here: )) ††.
You punch the gnoll!
The gnoll is heavily wounded.
The gnoll hits you with a +0 scythe.
* * * LOW HITPOINT WARNING * * *
You barely miss the gnoll. You headbutt the gnoll.
The gnoll is severely wounded.
Your horns disappear.
The gnoll misses you.
You closely miss the gnoll.
The gnoll is severely wounded.
The gnoll hits you with a +0 scythe!
You die...

#..###....#.##
#.........# ..#
####....####..........
.# ####.#..o.........#
. #####.....##########
# .............# ### #
.##+#####+##.###.....
# ##......... #
##g..####### # ##@#..#
#).#..# #.#.#..#
#.#..#..# #.###.#..#
#.# ##+..# #.. ..# +#


You could see a gnoll.

Vanquished Creatures
  Sigmund (D:2)
  A howler monkey (D:3)
  2 orc priests (D:4)
  A gnoll (D:4)
  3 adders
  2 dart slugs
  3 orcs
  3 endoplasms
  4 giant cockroaches (D:1)
  3 goblins
  3 hobgoblins
  10 jackals
  A quokka (D:2)
  8 ball pythons
  4 bats
  10 frilled lizards
  7 kobolds
  A kobold skeleton (D:3)
  10 rats
77 creatures vanquished.

Vanquished Creatures (others)
  A fungus (D:4)
1 creature vanquished.

Grand Total: 78 creatures vanquished

Notes
Turn   | Place    | Note
-------+----------+-------------------------------------------
     0 | D:1      | Aelig the Djinni Transmuter began the quest for the Orb.
     0 | D:1      | Reached XP level 1. HP: 17/17 MP: 0/0
   101 | D:1      | Reached skill level 2 in Spellcasting
   295 | D:1      | Reached XP level 2. HP: 21/22 MP: 0/0
   737 | D:1      | Reached XP level 3. HP: 26/27 MP: 0/0
   737 | D:1      | Learned a level 1 spell: Summon Small Mammal
  1228 | D:2      | Reached skill level 3 in Spellcasting
  1255 | D:2      | Reached XP level 4. HP: 26/32 MP: 0/0
  1393 | D:2      | Noticed Sigmund
  1429 | D:2      | Killed Sigmund
  1430 | D:2      | Reached skill level 4 in Spellcasting
  1430 | D:2      | Reached XP level 5. HP: 27/37 MP: 0/0
  1430 | D:2      | Learned a level 2 spell: Blink
  1430 | D:2      | Reached XP level 6. HP: 31/42 MP: 0/0
  1728 | D:2      | Found a runed translucent door.
  1729 | D:2      | Noticed Crazy Yiuf
  2624 | D:3      | Found a runed translucent door.
  2624 | D:3      | Noticed a human
  2629 | D:3      | Found a basalt altar of Yredelemnul.
  2818 | D:4      | HP: 1/42 [gnoll/+0 scythe (6)]
  2831 | D:4      | Reached XP level 7. HP: 11/47 MP: 0/0
  2831 | D:4      | Learned a level 3 spell: Conjure Flame
  2835 | D:4      | Slain by a gnoll

Illustrated notes

Levels and vault maps discovered:
D:1:      psy_arrival_terrarium, layout_basic
D:2:      layout_loops_ring, uniq_crazy_yiuf_cottage, uniq_sigmund
D:3:      layout_rooms, dk_yredelemnul_ordeal
D:4:      layout_rooms, kennysheep_little_box, mainiacjoe_overflow_alcove_4,
          mainiacjoe_overflow_boulevard, minmay_temple_entry_mist,
          roderic_cross_of_infinity, grunt_ministairs_9, dreamdust_gnoll_farm

Skill      XL: |  1  2  3  4 |
---------------+-------------+-----
Spellcasting   | 2 3 4 |  4.9
Fighting       | |  1.0
Dodging        | |  2.1
Unarmed Combat | |  3.9

Action                   |  1- 3 |  4- 6 |  7- 9 || total
-------------------------+-------+-------+-------++-------
Melee: Unarmed           |   108 |    95 |     4 ||   207
       Headbutt          |    15 |    12 |     2 ||    29
       Punch             |     2 |     2 |       ||     4
 Cast: Beastly Appendage |    21 |    17 |       ||    38
       Wereblood         |     4 |     1 |       ||     5
       Spider Form       |       |     4 |       ||     4
  Use: Scroll            |       |     2 |       ||     2
       Potion            |       |     1 |       ||     1
 Stab: Sleeping          |     1 |       |       ||     1
Armor: Robe              |    15 |    11 |       ||    26
       Skin              |       |     1 |       ||     1
Dodge: Dodged            |    69 |    63 |     1 ||   133

Table legend: (Time is in decaauts)
 A = Elapsed time spent in this place.
 B = Non-inter-level travel time spent in this place.
 C = Inter-level travel time spent in this place.
 D = Time resting spent in this place.
 E = Time spent auto-exploring this place.
 F = Levels seen in this place.
 G = Mean time per level.
                   A        B        C        D        E       F      G
               +--------+--------+--------+--------+--------+-----+--------+
         Total |   2821 |   2737 |     84 |    620 |   1295 |   4 |  705.2 |
       Dungeon |   2821 |   2737 |     84 |    620 |   1295 |   4 |  705.2 |
               +--------+--------+--------+--------+--------+-----+--------+

Top non-repeatable levels by time:
     D:2: 1138 daAuts
     D:1: 1093 daAuts
     D:3: 462 daAuts
     D:4: 126 daAuts
